AoeStats
← BeUt33

Migration

509159063Analyzed
1v1 RM · 6d ago on Sep 25, 2026· 53m 47s· 2 players
Game mode
Random Map
Map size
132×132
Population
200
Speed
Normal
Resources
Standard
Victory
Conquest
Starting age
Dark Age
Ending age
Imperial Age
RankedLock teamsTeams togetherTeam positionsShared explorationLock speedFull tech treeHidden civsTurbo modeCheats
Victory
Defeat
🇫🇷 Khmer · France
913
+14
🇬🇧 Vikings · United Kingdom
879
-14
MXFXAlpha
14:16 Feudal Age
14:43 Fishing Lines
15:07 Double-Bit Axe
15:32 Gold Mining
20:34 Castle Age
18:19 Loom
18:23 Town Watch
22:02 Bow Saw
21:34 Horse Collar
21:53 Fletching
22:03 Padded Archer Armor
22:05 Scale Mail Armor
22:15 Forging
22:14 Gillnets
23:11 Crossbowman
23:14 Elite Skirmisher
23:56 Bodkin Arrow
24:16 Leather Archer Armor
23:58 Stone Mining
30:26 Heavy Plow
33:23 Imperial Age
31:35 Squires
31:00 Pikeman
31:27 Arson
33:57 Elite Longship
35:11 Ballistics
36:39 Conscription
36:50 Masonry
38:36 Two-Man Saw
38:10 Crop Rotation
39:58 Hoardings
40:01 Arbalester
41:06 Chain Mail Armor
44:29 Elite Varangian Guard
47:57 Iron Casting
47:52 Plate Mail Armor
47:57 Iron Casting
48:14 Plate Mail Armor
50:09 Murder Holes
52:27 Blast Furnace
53:37 Chieftains
BeUt33
1:55 Loom
12:56 Feudal Age
16:25 Castle Age
15:11 Double-Bit Axe
18:31 Horse Collar
20:46 Demolition Ship
22:10 Wheelbarrow
23:37 Stone Mining
23:38 Gold Mining
26:42 Hand Cart
33:33 Imperial Age
31:57 Medium Warships
31:23 Man-at-Arms
32:05 Long Swordsman
33:59 Stone Shaft Mining
33:39 Tusk Swords
34:03 Two-Handed Swordsman
37:19 Heavy Warships
36:39 Two-Handed Swordsman
36:42 Elite Battle Elephant
38:08 Gold Shaft Mining
42:56 Chemistry
45:45 Fletching
46:05 Forging
46:02 Scale Barding Armor
45:57 Scale Mail Armor
45:58 Padded Archer Armor
45:31 Elite Skirmisher
45:36 Elite Ballista Elephant
47:42 Bodkin Arrow
52:40 Iron Casting
52:21 Chain Mail Armor
52:07 Bracer
52:22 Leather Archer Armor
52:28 Chain Barding Armor
52:02 Elite Cannon Galleon
52:33 Light Cavalry
53:24 Bloodlines
54:51 Blast Furnace
Connection lost

Rejoining the realm…

Still unreachable

The connection could not be restored.

Session expired

The server has moved on; the page needs a fresh start.